 Dungeon Crawl Stone Soup version 0.20-a0-947-g2784f4f (webtiles) character file.

798 AlphabetPasta the Purveyor of Pain (level 7, -6/62 HPs)
             Began as a Naga Necromancer on Apr 3, 2017.
             Was an Initiate of Kikubaaqudgha.
             Killed from afar by Dowan (9 damage)
             ... with a puff of frost
             ... on level 5 of the Dungeon.
             The game lasted 00:34:45 (4372 turns).

AlphabetPasta the Purveyor of Pain (NaNe)           Turns: 4372, Time: 00:34:48

Health: -6/62      AC:  6    Str: 12    XL:     7   Next: 89%
Magic:  5/13       EV: 11    Int: 15    God:    Kikubaaqudgha [......]
Gold:   296        SH:  0    Dex: 12    Spells: 2/14 levels left

rFire    . . .     SeeInvis +   d - +1 hand axe (flame)
rCold    . . .     Gourm    .   (no shield)
rNeg     . . .     Faith    .   a - +0 robe
rPois    +         Spirit   .   h - +0 helmet
rElec    .         Reflect  .   j - +1 cloak
rCorr    .         Harm     .   (no gloves)
MR       .....                  (no barding)
Stlth    +.........             m - amulet of magic regeneration
Regen    0.2/turn               (no ring)
MPRegen  0.2/turn               (no ring)

@: glowing, very slow
A: see invisible, deformed body, poison resistance, slowness 2, slow metabolism
1, spit poison 1, AC +2
a: Spit Poison, Renounce Religion


You were on level 5 of the Dungeon.
You worshipped Kikubaaqudgha.
Kikubaaqudgha was noncommittal.
You were very hungry.

You visited 2 branches of the dungeon, and saw 6 of its levels.

You collected 296 gold pieces.

Inventory:

Hand Weapons
 d - a +1 hand axe of flaming (weapon)
 p - a +0 long sword
Armour
 a - a +0 robe (worn)
 h - a +0 helmet (worn)
 j - a +1 cloak (worn)
Jewellery
 m - an amulet of magic regeneration (around neck)
Wands
 t - a wand of flame (15/48)
 v - a wand of enslavement (11/24)
Scrolls
 i - 2 scrolls of teleportation
 o - a scroll of remove curse
 s - a scroll of identify
 x - a scroll of enchant armour {unknown}
 y - a scroll of magic mapping {unknown}
Potions
 f - 4 potions of flight
 k - a potion of haste
 l - a potion of resistance
 r - a potion of invisibility
Books
 b - a book of Necromancy

   Spells                             Type                      Level
   a - Pain                           Necromancy                   1
   b - Animate Skeleton               Necromancy                   1
   c - Vampiric Draining              Necromancy                   3
   d - Regeneration                   Charms/Necromancy            3
   e - Animate Dead                   Necromancy                   4
   f - Control Undead                 Necromancy                   4
Comestibles
 c - 5 bread rations
 g - a meat ration
 n - 5 fruits
 q - 3 chunks of flesh
 w - a royal jelly


   Skills:
 + Level 3.2 Fighting
 * Level 0.4 Long Blades
 + Level 2.3 Armour
 + Level 3.1 Dodging
 - Level 3.0 Stealth
 + Level 4.0 Spellcasting
 * Level 6.1 Necromancy


You had 2 spell levels left.
You knew the following spells:

 Your Spells              Type           Power        Failure   Level  Hunger
a - Pain                  Necr           ###.         1%          1    None
b - Animate Skeleton      Necr           N/A          1%          1    None
c - Vampiric Draining     Necr           ###.......   4%          3    ###....
d - Regeneration          Chrm/Necr      ##........   17%         3    ###....
e - Animate Dead          Necr           N/A          17%         4    ####...


Dungeon Overview and Level Annotations

Branches:
Dungeon (5/15)             Temple (1/1) D:4

Altars:
Ashenzari
Cheibriados
Dithmenos
Elyvilon
Fedhas
Hepliaklqana
Kikubaaqudgha
Makhleb
Nemelex Xobeh
Okawaru
Qazlal
Ru
Sif Muna
Uskayaw
Vehumet
Wu Jian
Xom
Yredelemnul
Zin
The Shining One

Annotations:
D:5 Dowan, Duvessa


Innate Abilities, Weirdness & Mutations

You cannot wear boots.
Your serpentine skin is tough. (AC +2)
You have supernaturally acute eyesight. (SInv)
Armour fits poorly on your strangely shaped body.
Your system is resistant to poisons. (rPois)
You cover ground very slowly.
You have a slow metabolism.
You can spit poison.


Message History

Confirm with . or Enter, or press ? or * to list all spells.
Aiming: Vampiric Draining
Press: ? - help, Shift-Dir - straight line, f/p - Duvessa
Aim: Duvessa, wielding a short sword and wearing a shiny ring mail (almost dead, fast) Duvessa is almost dead.
You feel life coursing into your body. Duvessa closely misses you.
Duvessa hits you with a short sword.
* * * LOW HITPOINT WARNING * * *
Casting: Vampiric Draining
Confirm with . or Enter, or press ? or * to list all spells.
Aiming: Vampiric Draining
Press: ? - help, Shift-Dir - straight line, f/p - Duvessa
Aim: Duvessa, wielding a short sword and wearing a shiny ring mail (almost dead, fast) Duvessa is almost dead.
You feel life coursing into your body. Duvessa hits you with a short sword.
* * * LOW HITPOINT WARNING * * *
Dowan gestures at you while chanting. The puff of frost hits you!
You die...
Kikubaaqudgha rasps: "You have failed me!
Welcome... death!"

#......##. ...
#####..... ..# #.##..
#.# #..##.# #.#
#.###.# #.# .# #. #.#
#S##.# .. #.# #e##.#
.## ##.# #@##.# .#
...# #.###....# ##.#
.### #........# #[.#
.###
#.####...####.####.#..
#........##.....#
###e##......#####
#..........###..
#######.....##.####..#
........#...##......##


You could see Duvessa, Dowan and an adder.

Vanquished Creatures
  Menkaure (D:4)
  The ghost of Caerwyn the Sneak, an amateur VSAs (D:4)
  A phantom (D:4)
  A centaur (D:4)
  An orc priest (D:4)
  A hound (D:4)
  An orc wizard (D:4)
  Ijyb (D:3)
  Terence (D:2)
  An iguana (D:4)
  4 worker ants
  A gnoll (D:3)
  3 adders
  2 oozes (D:1)
  An adder skeleton (D:5)
  4 worms
  4 dart slugs
  4 leopard geckos
  10 orcs
  2 giant cockroaches
  12 goblins
  8 hobgoblins
  3 jackals (D:1)
  4 quokkas
  A ball python (D:3)
  A bat (D:3)
  9 frilled lizards
  A jackal skeleton (D:4)
  12 kobolds
  8 rats
104 creatures vanquished.

Vanquished Creatures (collateral kills)
  An ooze (D:1)
  A giant cockroach (D:1)
  A kobold (D:1)
  2 rats (D:2)
5 creatures vanquished.

Vanquished Creatures (others)
  An orc (D:4)
1 creature vanquished.

Grand Total: 110 creatures vanquished

Notes
Turn   | Place    | Note
-------+----------+-------------------------------------------
     0 | D:1      | AlphabetPasta the Naga Necromancer began the quest for the Orb.
     0 | D:1      | Reached XP level 1. HP: 15/15 MP: 3/3
     9 | D:1      | Learned a level 1 spell: Animate Skeleton
    49 | D:1      | Reached XP level 2. HP: 13/24 MP: 5/5
   333 | D:1      | Reached XP level 3. HP: 27/30 MP: 1/6
   421 | D:1      | Learned a level 3 spell: Vampiric Draining
   513 | D:1      | Reached skill level 1 in Fighting
   853 | D:2      | Reached XP level 4. HP: 37/38 MP: 5/8
   858 | D:2      | Learned a level 3 spell: Regeneration
  1026 | D:2      | Found a radiant altar of Vehumet.
  1330 | D:2      | Noticed Terence
  1465 | D:2      | Killed Terence
  1465 | D:2      | Reached skill level 1 in Armour
  1879 | D:3      | Found a faded altar of an unknown god.
  1901 | D:3      | Reached XP level 5. HP: 28/45 MP: 9/9
  1914 | D:3      | Found a glowing golden altar of the Shining One.
  2144 | D:3      | Noticed Ijyb
  2152 | D:3      | Killed Ijyb
  2694 | D:4      | Noticed Menkaure
  2701 | D:4      | Killed Menkaure
  2701 | D:4      | Reached skill level 5 in Necromancy
  2701 | D:4      | Reached XP level 6. HP: 24/52 MP: 9/11
  2715 | D:4      | Found a white marble altar of Elyvilon.
  2721 | D:4      | Learned a level 3 spell: Regeneration
  2737 | D:4      | Found a glowing silver altar of Zin.
  2766 | D:4      | Noticed Caerwyn's ghost (amateur VSAs)
  3030 | D:4      | Killed Caerwyn's ghost
  3030 | D:4      | Reached XP level 7. HP: 36/61 MP: 12/12
  3036 | D:4      | Learned a level 4 spell: Animate Dead
  3439 | D:4      | Found a staircase to the Ecumenical Temple.
  3448 | Temple   | Entered the Ecumenical Temple
  3485 | Temple   | Became a worshipper of Kikubaaqudgha
  3838 | D:4      | Reached skill level 6 in Necromancy
  4161 | D:5      | Entered Level 5 of the Dungeon
  4353 | D:5      | Noticed Duvessa
  4355 | D:5      | Noticed Dowan
  4372 | D:5      | HP: 3/62 [Duvessa/short sword (6)]
  4372 | D:5      | Killed from afar by Dowan

Vault maps used:
D:1:      erik_arrival_gehennom, minmay_pentomino_q4
D:2:      kennysheep_big_flooded_room, nicolae_overflow_crystal_walls,
          uniq_terence
D:3:      marbit_many_paths, chequers_ecumenical_altar_twisty, uniq_iyjb
D:4:      chequers_temple_overflow_statue_of_worship, lemuel_temple_firewalk_b,
          roderic_roman_lattice, st_stairs_3, minmay_hedge_maze,
          kennysheep_generic_room_7, uniq_menkaure
D:5:      first_bread, nemelex_diamond_rough_becter, uniq_duvessa
Temple:   kb_temple_of_zot

Skill      XL: |  1  2  3  4  5  6  7 |
---------------+----------------------+-----
Dodging        | 2 3 |  3.1
Fighting       | 1 2 3 |  3.2
Armour         | 1 2 |  2.3
Spellcasting   | 3 4 |  4.0
Necromancy     | 5 6 |  6.1
Long Blades    | |  0.4
Stealth        | |  3.0

Action                   |  1- 3 |  4- 6 |  7- 9 || total
-------------------------+-------+-------+-------++-------
Melee: Unarmed           |    26 |    37 |       ||    63
       Hand axe          |       |    65 |    53 ||   118
 Cast: Animate Skeleton  |     7 |    17 |     3 ||    27
       Pain              |    38 |    48 |    29 ||   115
       Vampiric Draining |       |     2 |    11 ||    13
 Abil: Spit Poison       |    32 |    33 |    19 ||    84
Evoke: Wand              |       |     8 |     4 ||    12
  Use: Scroll            |       |    13 |     4 ||    17
       Potion            |       |     2 |     2 ||     4
 Stab: Sleeping          |       |     2 |     2 ||     4
       Distracted        |       |     1 |     1 ||     2
  Eat: Chunk             |     2 |     7 |       ||     9
       Fruit             |       |     1 |       ||     1
       Meat ration       |       |       |     1 ||     1
Armor: Robe              |     8 |    28 |    16 ||    52
Dodge: Dodged            |    22 |    47 |    44 ||   113
